 Dungeon Crawl Stone Soup version 0.31-a0-833-gc15d34cb79 (webtiles) character file.

Game seed: 4010490669800417476

12260 lunkers the Geomancer (level 12, -17/110 HPs)
             Began as a Meteoran Earth Elementalist on Sept 25, 2023.
             Was an Elder of Ashenzari.
             Demolished by a three-headed hydra simulacrum (27 damage)
             ... in an ice cave.
             The game lasted 00:12:52 (5227 turns).

lunkers the Geomancer (Meteoran Earth Elementalist) Turns: 5227, Time: 00:12:53

Health: -17/110    AC:  7    Str: 10    XL:     12   Next: 47%
Magic:  6/31       EV: 15    Int: 30    God:    Ashenzari [****..]
Gold:   551        SH:  5    Dex: 20    Spells: 25/39 levels left

rFire   . . .        r - +0 short sword "Share My Heresy" {drain, Dev, Alch} (curse)
rCold   . . .        z - +0 buckler of Ashenzari's Oracle {Comp, Self} (curse)
rNeg    . . .        F - +0 troll leather armour of the Wild Blue Yonder {Regen+, Self, Alch} (curse)
rPois   .            (no helmet)
rElec   .            e - +1 cloak of the Cursed Anarchy {Int+3 Dex+4, Elem, Fort} (curse)
rCorr   .            (no gloves)
SInv    +            p - +1 pair of boots of Ashenzari's Oracle {Comp, Self} (curse)
Will    +....        (no amulet)
Stlth   +            h - ring of the Wild Blue Yonder {Int+6, Alch, Self} (curse)
HPRegen 1.18/turn    (no ring)
MPRegen 0.22/turn

%: clarity
@: glowing
A: sense surroundings 2, otherworldly, glowing, explore regen
a: Renounce Religion, Curse Item, Shatter the Chains


You were in an ice cave.
You worshipped Ashenzari.
Ashenzari was greatly pleased with you.
You visited 2 branches of the dungeon, and saw 12 of its levels.
You also visited: Ice Cave.

You collected 551 gold pieces.

Inventory:

Hand Weapons
 d - a +0 short sword of chaos
 f - a +2 dire flail of protection
 r - the cursed +0 short sword "Share My Heresy" (weapon) {drain, Dev, Alch}
   (You took it off an orc on level 4 of the Dungeon)

   It has a curse which improves the following skills: Devices: Evocations and
   Shapeshifting.
   Alchemy:   Poison Magic and Transmutations.
 t - the +3 whip "lunkers's Curse" {flame, Contam rElec Str+4}
   (You found it on level 7 of the Dungeon)

   Str+4:     It affects your strength (+4).
   rElec:     It insulates you from electricity.
   Contam:    It causes magical contamination when unequipped.
Missiles
 n - 2 throwing nets
Armour
 e - the cursed +1 cloak of the Cursed Anarchy (worn) {Int+3 Dex+4, Elem, Fort}
   (You acquired it on level 6 of the Dungeon)

   Int+3:     It affects your intelligence (+3).
   Dex+4:     It affects your dexterity (+4).
   It has a curse which improves the following skills: Elements: Fire Magic, Ice
   Magic, Air Magic and Earth Magic.
   Fortitude: Armour and Shields.
 p - the cursed +1 pair of boots of Ashenzari's Oracle (worn) {Comp, Self}
   (You found it on level 3 of the Dungeon)

   It has a curse which improves the following skills: Companions: Summonings
   and Necromancy.
   Introspection: Fighting and Spellcasting.
 q - a +0 pair of boots
 z - the cursed +0 buckler of Ashenzari's Oracle (worn) {Comp, Self}
   (You took it off a gnoll sergeant on level 8 of the Dungeon)

   It has a curse which improves the following skills: Companions: Summonings
   and Necromancy.
   Introspection: Fighting and Spellcasting.
 F - the cursed +0 troll leather armour of the Wild Blue Yonder (worn) {Regen+, Self, Alch}
   (You found it on level 10 of the Dungeon)

   Regen+:    It increases your rate of health regeneration.
   It has a curse which improves the following skills: Introspection: Fighting
   and Spellcasting.
   Alchemy:   Poison Magic and Transmutations.
Jewellery
 h - the cursed ring of the Wild Blue Yonder (left hand) {Int+6, Alch, Self}
   (You found it on level 2 of the Dungeon)

   [ring of intelligence]

   Int+6:     It affects your intelligence (+6).
   It has a curse which improves the following skills: Alchemy: Poison Magic and
   Transmutations.
   Introspection: Fighting and Spellcasting.
 k - a ring of fire
 v - the amulet of Ices {Spirit Harm Drain +Inv Dex+5}
   (You took it off an orc priest on level 7 of the Dungeon)

   [amulet of guardian spirit]

   Spirit:    It causes incoming damage to be divided between your reserves of
   health and magic.
   Dex+5:     It affects your dexterity (+5).
   +Inv:      It lets you turn invisible.
   Drain:     It drains your maximum health when unequipped.
   Harm:      It increases damage dealt and taken.
Wands
 x - a wand of light (14)
 G - a wand of mindburst (6)
Scrolls
 a - 2 scrolls of teleportation
 c - 2 scrolls of noise
 g - a scroll of enchant weapon
 l - a scroll of enchant armour
 m - 2 scrolls of immolation
 w - 2 scrolls of amnesia
 y - 2 scrolls of fear
 B - a scroll of fog
 C - a scroll of blinking
 D - a scroll of poison
 E - a scroll of vulnerability
Potions
 b - 2 potions of magic
 i - 2 potions of heal wounds
 j - a potion of ambrosia
 o - 2 potions of brilliance
 s - 3 potions of mutation
 u - a potion of enlightenment
 A - a potion of might


   Skills:
 + Level 7.0(11.3) Fighting
 + Level 7.5 Dodging
 - Level 1.4 Stealth
 + Level 10.0(14.3) Spellcasting
 * Level 10.2 Conjurations
 - Level 1.2(3.3) Transmutations
 * Level 13.8(15.5) Earth Magic


You had 25 spell levels left.
You knew the following spells:

 Your Spells              Type           Power      Damage    Failure   Level
a - Stone Arrow           Conj/Erth      100%       3d13      1%          3
b - Passwall              Tmut/Erth      55%        N/A       1%          2
c - Sandblast             Erth           100%       2d20      0%          1
d - Brom's Barrelling Bo  Conj/Erth      78%        2d9       1%          4
e - Petrify               Tmut/Erth      67%        N/A       1%          4

Your spell library contained the following spells:

 Spells                   Type           Power      Damage    Failure   Level
 Animate Armour           Summ/Erth      100%       N/A       1%          4
 Animate Dead             Necr           23%        N/A       36%         4
 Lehudib's Crystal Spear  Conj/Erth      39%        10d10     83%         8
 Haunt                    Necr/Summ      11%        N/A       100%        7
 Infestation              Necr           11%        N/A       100%        8


Dungeon Overview and Level Annotations

Branches:
Dungeon (10/15) Zot: 1136    Lair (2/5) D:10 Zot: 801   Swamp (0/4) Lair:2
 Spider (0/4) Lair:2        IceCv (1/1) Zot: 426
 Temple: D:4-7          Orc: D:9-12

Altars:
Ashenzari
Dithmenos
Kikubaaqudgha
Qazlal
Uskayaw
Vehumet
Xom
Yredelemnul
Zin

Shops:
D:5 *   D:9 (

Annotations:
D:6 1 runed translucent door, Crazy Yiuf


Innate Abilities, Weirdness & Mutations

You passively map the area around you.
You are easily found by Zot.
You glow in the dark.
You regain HP and MP as you explore.


Message History

Aiming: Stone Arrow (safe; 1% risk of failure)
Press: ? - help, Shift-Dir - straight line, f - anaconda simulacrum
Aim: an anaconda simulacrum (freezing vapour, constricting you, 75% to hit)
The stone arrow hits the anaconda simulacrum!!
The anaconda simulacrum is severely damaged.
The anaconda simulacrum closely misses you.
The anaconda simulacrum constricts you.
The anaconda simulacrum barely misses you.
The anaconda simulacrum constricts you.
* * * LOW HITPOINT WARNING * * *
Unknown command.
Casting: Stone Arrow (safe; 1% risk of failure)
Confirm with . or Enter, or press ? or * to list all spells.
Aiming: Stone Arrow (safe; 1% risk of failure)
Press: ? - help, Shift-Dir - straight line, f/p - anaconda simulacrum
Aim: an anaconda simulacrum (freezing vapour, severely damaged, constricting you, 75% to hit)
The stone arrow hits the anaconda simulacrum!!
The anaconda simulacrum vaporises!
Your base Spellcasting skill increases to level 10!
Unknown command.
Casting: Stone Arrow (safe; 1% risk of failure)
Confirm with . or Enter, or press ? or * to list all spells.
Aiming: Stone Arrow (safe; 1% risk of failure)
Press: ? - help, Shift-Dir - straight line, f - three-headed hydra simulacrum
Aim: a three-headed hydra simulacrum (100% to hit)
The stone arrow hits the three-headed hydra simulacrum!
The three-headed hydra simulacrum is moderately damaged.
Unknown command.
Casting: Stone Arrow (safe; 1% risk of failure)
Confirm with . or Enter, or press ? or * to list all spells.
Aiming: Stone Arrow (safe; 1% risk of failure)
Press: ? - help, Shift-Dir - straight line, f/p - three-headed hydra simulacrum
Aim: a three-headed hydra simulacrum (moderately damaged, 100% to hit)
The stone arrow hits the three-headed hydra simulacrum!
The three-headed hydra simulacrum is severely damaged.
* * * LOW MAGIC WARNING * * *
The three-headed hydra simulacrum bites you.
* * * LOW HITPOINT WARNING * * *
The three-headed hydra simulacrum freezes you!!
You die...

,, *
*,,#..#...#
*
**,,*#...##
*,**#..## ,
**,*#.## ,,
*,*#..# , *
**,##.## *
**,*#..## *
**,**##..#
*,** ##@#
**,****#Z#
*,*,*∆#.#
**,,,,..#
*,*,⌠..#
***...##
##$#* ##*


You could see a three-headed hydra simulacrum.

Vanquished Creatures
  Erica (D:8)
  2 two-headed ogres
  A black mamba (Lair:1)
  2 komodo dragons
  A cane toad (Lair:2)
  A kobold demonologist (D:9)
  An anaconda simulacrum (IceCv)
  A troll (D:10)
  2 hornets
  Sigmund (D:6)
  3 wyverns
  A jumping spider (Lair:2)
  15 yaks
  A basilisk (Lair:1)
  4 redbacks (Lair:2)
  2 harpy simulacra (IceCv)
  A water moccasin (D:5)
  4 orc warriors
  An ice beast (D:4)
  A black bear (D:7)
  2 sky beasts (D:7)
  4 centaurs
  2 ogres
  3 wolves (D:10)
  A phantom (D:5)
  4 bullfrogs (Lair:2)
  4 scorpions
  3 two-headed ogre simulacra (IceCv)
  3 gnoll sergeants (D:8)
  A cane toad simulacrum (IceCv)
  An elephant simulacrum (IceCv)
  5 killer bees (D:8)
  An electric eel (D:10)
  A gnoll bouda (D:7)
  7 hounds
  4 orc priests
  5 jellies
  A sleepcap (D:6)
  Jessica (D:3)
  4 iguanas
  16 orc wizards
  5 troll simulacra (IceCv)
  2 polar bear simulacra (IceCv)
  2 spriggan simulacra (IceCv)
  A wolf simulacrum (IceCv)
  7 adders
  16 gnolls
  5 naga simulacra (IceCv)
  6 white imps
  7 ufetubi
  3 worms (D:2)
  2 dart slugs
  52 orcs
  3 ball pythons
  A bat (D:2)
  5 endoplasms
  2 giant cockroaches
  5 goblins
  6 hobgoblins
  A quokka (D:1)
  A frilled lizard (D:2)
  4 kobolds
  5 rats
260 creatures vanquished.

Notes
Turn   | Place    | Note
-------+----------+-------------------------------------------
     0 | D:1      | lunkers the Meteoran Earth Elementalist began the quest for
                  | the Orb.
     0 | D:1      | Reached XP level 1. HP: 14/14 MP: 5/5
    88 | D:1      | Reached XP level 2. HP: 15/20 MP: 1/6
    89 | D:1      | Reached skill level 4 in Earth Magic
   331 | D:2      | Reached XP level 3. HP: 26/26 MP: 5/8
   372 | D:2      | Reached XP level 4. HP: 33/33 MP: 8/10
   429 | D:2      | Reached skill level 5 in Earth Magic
   444 | D:2      | Learned a level 2 spell: Passwall
   448 | D:2      | Learned a level 3 spell: Stone Arrow
   453 | D:2      | Learned a level 4 spell: Brom's Barrelling Boulder
   812 | D:3      | Noticed Jessica
   814 | D:3      | Killed Jessica
   821 | D:3      | Reached XP level 5. HP: 38/38 MP: 9/11
   977 | D:4      | Reached skill level 6 in Earth Magic
  1021 | D:4      | Noticed an ice beast
  1021 | D:4      | Noticed an ogre
  1024 | D:4      | Reached XP level 6. HP: 32/45 MP: 9/13
  1029 | D:4      | Killed an ice beast
  1030 | D:4      | Reached skill level 7 in Earth Magic
  1032 | D:4      | Killed an ogre
  1033 | D:4      | Reached skill level 5 in Spellcasting
  1033 | D:4      | Reached XP level 7. HP: 24/50 MP: 4/15
  1037 | D:4      | Found an ancient bone altar of Kikubaaqudgha.
  1318 | D:4      | Reached skill level 8 in Earth Magic
  1319 | D:4      | Found a glowing silver altar of Zin.
  1348 | D:5      | Entered Level 5 of the Dungeon
  1355 | D:5      | Reached XP level 8. HP: 43/57 MP: 14/18
  1379 | D:4      | Learned a level 4 spell: Petrify
  1421 | D:5      | Reached skill level 9 in Earth Magic
  1554 | D:5      | Reached skill level 1 in Fighting
  1554 | D:5      | Reached skill level 1 in Conjurations
  1599 | D:5      | Found Byduboz's Mass Market.
  1677 | D:6      | Identified a scroll of acquirement
  1677 | D:6      | Acquired the +1 cloak of Puacaen {Int+3 Dex+4}
  1740 | D:6      | Found a broken altar of Ashenzari.
  1741 | D:6      | Noticed Sigmund
  1744 | D:6      | Killed Sigmund
  1745 | D:6      | Gained mutation: You passively map the area around you.
                  | [Meteoran growth]
  1745 | D:6      | Reached XP level 9. HP: 67/67 MP: 17/20
  1750 | D:6      | Became a worshipper of Ashenzari the Shackled
  1773 | D:6      | Reached skill level 10 in Earth Magic
  1815 | D:6      | Found a runed translucent door.
  1816 | D:6      | Noticed Crazy Yiuf
  2280 | D:7      | Identified the +3 whip "lunkers's Curse" {flame, Contam
                  | rElec Str+4}
  2305 | D:7      | Noticed a hornet
  2310 | D:7      | Killed a hornet
  2487 | D:7      | Found a radiant altar of Vehumet.
  2487 | D:7      | Found a hide-covered altar of Uskayaw.
  2493 | D:7      | Identified the amulet of Ices {Spirit Harm Drain +Inv
                  | Dex+5}
  2494 | D:7      | Reached XP level 10. HP: 60/78 MP: 16/22
  2504 | D:7      | Found a basalt altar of Yredelemnul.
  2608 | D:7      | Reached skill level 5 in Conjurations
  2650 | D:7      | Reached * piety under Ashenzari
  2849 | D:8      | Reached skill level 11 in Earth Magic
  3071 | D:8      | Reached skill level 5 in Dodging
  3286 | D:8      | Noticed Erica
  3292 | D:8      | Killed Erica
  3361 | D:8      | Reached ** piety under Ashenzari
  3409 | D:8      | Reached skill level 5 in Fighting
  3635 | D:9      | Reached skill level 12 in Earth Magic
  3646 | D:9      | Reached XP level 11. HP: 91/91 MP: 24/26
  3688 | D:9      | Noticed a two-headed ogre
  3696 | D:9      | Killed a two-headed ogre
  3705 | D:9      | Found Jiew's Weapon Emporium.
  3980 | D:9      | Found a shadowy altar of Dithmenos.
  4304 | D:9      | Reached *** piety under Ashenzari
  4451 | D:10     | Entered Level 10 of the Dungeon
  4451 | D:10     | Noticed a two-headed ogre
  4456 | D:10     | Killed a two-headed ogre
  4503 | D:10     | Found a stormy altar of Qazlal.
  4515 | D:10     | Found a shimmering altar of Xom.
  4542 | D:10     | Reached skill level 13 in Earth Magic
  4654 | D:10     | Reached **** piety under Ashenzari
  4667 | D:10     | Found a staircase to the Lair.
  4681 | Lair:1   | Entered Level 1 of the Lair of Beasts
  4722 | Lair:1   | Noticed a black mamba
  4725 | Lair:1   | Killed a black mamba
  4799 | Lair:1   | Reached XP level 12. HP: 108/108 MP: 24/30
  4964 | Lair:2   | Found a hole to the Spider Nest.
  4973 | Lair:2   | HP: 5/110 [redback (8)]
  5054 | Lair:2   | Found a frozen archway.
  5064 | IceCv    | Entered an ice cave
  5079 | IceCv    | Reached skill level 10 in Conjurations
  5226 | IceCv    | Reached skill level 10 in Spellcasting
  5227 | IceCv    | Demolished by a three-headed hydra simulacrum

Illustrated notes

Levels and vault maps discovered:
D:1:      dpeg_arrival_line_fractal, layout_basic
D:2:      layout_rooms
D:3:      layout_basic, uniq_jessica
D:4:      layout_basic, mainiacjoe_overflow_tiny_flanked,
          kiku_gazebo_pond_becter, minmay_quantized
D:5:      layout_loops_cross, minmay_temple_entry_drinking_statues,
          serial_shops, nicolae_shop_real_fake_doors, minmay_shop_mass
D:6:      layout_loops_ring, mainiacjoe_overflow_boulevard, old_standard_altar,
          kennysheep_generic_room_15, uniq_sigmund, uniq_crazy_yiuf_cottage
D:7:      layout_loops_corners, gammafunk_temple_overflow_forgotten
D:8:      layout_loops_corners, chequers_serial_rivers_micro_c, uniq_erica
D:9:      layout_gridville, grunt_dithmenos_smoke_and_mirrors, serial_shops,
          nicolae_square_shop
D:10:     layout_cave_pools, nicolae_tso_swordbearing_angel,
          nicolae_qazlal_style_of_elements, lemuel_round_altar,
          erik_lair_island, uniq_gastronok
Lair:1:   layout_regular_city
Lair:2:   layout_chaotic_city, skrybe_swamp_entry_bodies, spider_nest_entry_a,
          portal_ice_cave_entry_pillars_1
IceCv:    ice_cave_caverns_02

Skill      XL: |  1  2  3  4  5  6  7  8  9 10 11 12 |
---------------+-------------------------------------+-----
Earth Magic    | 4 5 6 7 8 9 10 12 13 | 13.8
Spellcasting   | 3 4 5 6 7 8 9 10 | 10.0
Fighting       | 2 3 5 6 7 |  7.0
Conjurations   | 2 4 7 9 10 | 10.2
Dodging        | 3 4 5 7 |  7.5
Stealth        | |  1.4
Transmutations | |  1.2

Action                     |  1- 3 |  4- 6 |  7- 9 | 10-12 || total
---------------------------+-------+-------+-------+-------++-------
  Melee: Short sword       |       |       |       |     2 ||     2
   Cast: Sandblast         |    30 |    40 |   120 |   216 ||   406
         Stone Arrow       |       |       |       |    68 ||    68
 Invoke: Curse Item        |       |       |       |     6 ||     6
    Use: Scroll            |       |       |    16 |       ||    16
         Potion            |       |       |       |     3 ||     3
 Armour: Robe              |     3 |    11 |    55 |    77 ||   146
         Troll leather arm |       |       |       |    53 ||    53
  Dodge: Dodged            |     3 |     8 |    35 |   129 ||   175
  Block: Buckler           |       |       |       |    52 ||    52

Table legend: (Time is in decaauts)
 A = Elapsed time spent in this place.
 B = Non-inter-level travel time spent in this place.
 C = Inter-level travel time spent in this place.
 D = Time resting spent in this place.
 E = Time spent auto-exploring this place.
 F = Levels seen in this place.
 G = Mean time per level.
                   A        B        C        D        E       F      G
               +--------+--------+--------+--------+--------+-----+--------+
         Total |   5435 |   5339 |     96 |      0 |   3574 |  13 |  418.1 |
       Dungeon |   4863 |   4767 |     96 |      0 |   3341 |  10 |  486.3 |
          Lair |    398 |    398 |      0 |      0 |    185 |   2 |  199.0 |
      Ice Cave |    172 |    172 |      0 |      0 |     48 |   1 |  172.0 |
               +--------+--------+--------+--------+--------+-----+--------+

Top non-repeatable levels by time:
     D:9: 864 daAuts
     D:7: 835 daAuts
     D:8: 801 daAuts
     D:4: 457 daAuts
     D:6: 377 daAuts
     D:1: 333 daAuts
     D:2: 332 daAuts
     D:3: 323 daAuts
     D:5: 285 daAuts
    D:10: 252 daAuts
  Lair:2: 246 daAuts
   IceCv: 172 daAuts
  Lair:1: 152 daAuts
